 Dungeon Crawl Stone Soup version 0.23.1 (webtiles) character file.

Game seed: 9749958454792573292

188 Kniotic the Insei (level 5, -4/41 HPs)
             Began as a Demonspawn Monk on Mar 2, 2019.
             Slain by an orc priest
             ... wielding a +0 war axe
              (7 damage)
             ... on level 3 of the Dungeon.
             The game lasted 00:05:00 (2992 turns).

Kniotic the Insei (Demonspawn Monk)                 Turns: 2992, Time: 00:05:00

Health: -4/41      AC:  2    Str: 11    XL:     5   Next: 39%
Magic:  0/5        EV: 12    Int: 12    God:
Gold:   39         SH:  0    Dex: 16    Spells: 4/4 levels left

rFire    x . .     SeeInvis .     - Unarmed
rCold    + . .     Gourm    .   (no shield)
rNeg     . . .     Faith    .   a - +0 robe
rPois    .         Spirit   +   r - +0 hat
rElec    .         Reflect  .   (no cloak)
rCorr    .         Harm     .   (no gloves)
MR       .....                  (no boots)
Stlth    +.........             f - amulet of the acrobat
HPRegen  0.13/turn              i - ring of ice
MPRegen  0.18/turn              (no ring)

@: confused, heavily drained
A: claws 1, powered by death 1, magic shield, magic regeneration
a: no special abilities


You were on level 3 of the Dungeon.
You were not hungry.

You visited 1 branch of the dungeon, and saw 3 of its levels.

You collected 39 gold pieces.

Inventory:

Armour
 a - a +0 robe (worn)
 o - a +0 helmet
 r - a +0 hat (worn)
Jewellery
 f - an amulet of the acrobat (around neck)
 i - a ring of ice (left claw)
Wands
 u - a wand of clouds (6)
Scrolls
 c - a scroll of amnesia {unknown}
 d - 3 scrolls of identify {unknown}
 e - a scroll of noise {unknown}
 g - a scroll of teleportation {unknown}
 h - a scroll of enchant armour {unknown}
 j - a scroll of fog {unknown}
 k - a scroll of immolation {unknown}
 m - 2 scrolls of remove curse {unknown}
Potions
 l - a potion of ambrosia {unknown}
 n - a potion of mutation {unknown}
 p - a potion of degeneration {unknown}
 q - a potion of heal wounds
 s - a potion of lignification {unknown}
 v - a potion of might {unknown}
Comestibles
 b - 4 rations
 t - 5 chunks of flesh


   Skills:
 - Level 3.0(1.4) Fighting
 - Level 2.6(1.1) Dodging
 - Level 1.7(0.2) Stealth
 + Level 5.6(3.9) Unarmed Combat


You had 4 spell levels left.
You didn't know any spells.
Your spell library contained the following spells:

 Spells                   Type           Power        Failure   Level  Hunger
 Beastly Appendage        Tmut           #.....       32%         1    ##.....
 Sticks to Snakes         Tmut           #.......     45%         2    ###....
 Spider Form              Tmut/Pois      #.........   69%         3    ####...
 Ice Form                 Ice/Tmut       #.......     97%         4    #####..
 Blade Hands              Tmut           #.........   100%        5    ######.


Dungeon Overview and Level Annotations

Branches:
Dungeon (3/15)

Altars:
Ru

Annotations:
D:2 Natasha


Innate Abilities, Weirdness & Mutations

You have sharp fingernails.
You regenerate a little health from kills.
When hurt, damage is shared between your health and your magic reserves.
You regenerate magic rapidly.


Message History

The orc barely misses you. Something hits you.
You scratch the orc priest.
The orc priest is heavily wounded.
The orc barely misses you.
The orc priest hits you with a +0 war axe.
The orc hits you. Something hits you but does no damage.
You scratch the orc.
The orc is severely wounded.
The orc barely misses you.
The orc priest mumbles some strange prayers to Beogh against you.
Beogh smites you!
* * * LOW HITPOINT WARNING * * *
The orc barely misses you.
You barely miss the orc priest.
The orc priest is heavily wounded.
Something hits you.
* * * LOW HITPOINT WARNING * * *
The orc closely misses you.
The orc priest hits you with a +0 war axe!
You die...

......+ .... '.>.. #.#####
.... #...# #.# ....#...# #.#
...#...####### #.###
#............ ..(.#
#.............# ....#
#..)).........#.# #.#.#
#...)o........#.# ....#
#...o@........#.# #.#.#
#...o.........#.#
#.#.############...........##
#.#.##.....# #............#
#.#.##.## # #............#
#.#.....##.# #........รท.###
#.#####....# #..........'.#
#.# #.#### #..........#.# ..#
#.########..........#.#


You could see an orc priest and 2 orcs.

Vanquished Creatures
  A bullfrog zombie (D:3)
  Terence (D:2)
  Natasha (twice) (D:2)
  2 adders (D:2)
  2 oozes
  A worm (D:3)
  2 dart slugs
  2 orcs (D:3)
  3 giant cockroaches
  3 goblins
  4 hobgoblins
  5 jackals
  3 bats (D:2)
  6 frilled lizards
  5 kobolds
  6 rats
48 creatures vanquished.

Notes
Turn   | Place    | Note
-------+----------+-------------------------------------------
     0 | D:1      | Kniotic the Demonspawn Monk began the quest for the Orb.
     0 | D:1      | Reached XP level 1. HP: 18/18 MP: 1/1
    85 | D:1      | Reached skill level 3 in Unarmed Combat
   271 | D:1      | Gained mutation: You have sharp fingernails. [demonic
                  | ancestry]
   271 | D:1      | Reached XP level 2. HP: 18/24 MP: 2/2
   975 | D:2      | Noticed Terence
  1242 | D:2      | HP: 1/24 [giant cockroach (1)]
  1385 | D:2      | Gained mutation: When hurt, damage is shared between your
                  | health and your magic reserves. [demonic ancestry]
  1385 | D:2      | Reached XP level 3. HP: 29/29 MP: 3/3
  1621 | D:2      | Noticed Natasha
  1627 | D:2      | Reached skill level 4 in Unarmed Combat
  1634 | D:2      | Killed Natasha
  1647 | D:2      | Found a sacrificial altar of Ru.
  1837 | D:2      | Gained mutation: You regenerate a little health from kills.
                  | [demonic ancestry]
  1837 | D:2      | Reached XP level 4. HP: 33/35 MP: 2/4
  2000 | D:2      | Noticed Natasha
  2007 | D:2      | Killed Natasha
  2007 | D:2      | Reached skill level 5 in Unarmed Combat
  2201 | D:2      | Killed Terence
  2201 | D:2      | Gained mutation: You regenerate magic rapidly. [demonic
                  | ancestry]
  2201 | D:2      | Reached XP level 5. HP: 19/41 MP: 2/5
  2377 | D:2      | Noticed Natasha
  2992 | D:3      | Slain by an orc priest

Skill      XL: |  1  2  3  4 |
---------------+-------------+-----
Unarmed Combat | 3 4 5 |  5.6
Fighting       | |  3.0
Dodging        | |  2.6
Stealth        | |  1.7

Action                   |  1- 3 |  4- 6 || total
-------------------------+-------+-------++-------
Melee: Unarmed           |   109 |    90 ||   199
       Punch             |     2 |     2 ||     4
  Use: Potion            |     1 |       ||     1
 Stab: Sleeping          |     5 |     3 ||     8
  Eat: Chunk             |     3 |     4 ||     7
Armor: Robe              |    19 |    10 ||    29
Dodge: Dodged            |    79 |    48 ||   127
